AoeStats
← 恆浪蕩

Hill Fort

506428798Analyzed
4v4 RM · 18d ago on Sep 13, 2026· 47m 7s· 8 players
Game mode
Random Map
Map size
Large (8 player)
Population
200
Speed
Normal
Resources
Standard
Victory
Conquest
Starting age
Dark Age
Ending age
Imperial Age
RankedLock teamsTeams togetherTeam positionsShared explorationLock speedFull tech treeHidden civsTurbo modeCheats
Victory
Defeat
🇩🇿 Saracens · Algeria
1639
+15
🇩🇪 Wu · Germany
1636
+15
🇲🇽 Ethiopians · Mexico
1622
+16
🇩🇿 Bulgarians · Algeria
1614
+16
🇹🇼 Khmer · Taiwan
1661
-17
🇦🇷 Persians · Argentina
1617
-16
🇦🇷 Tatars · Argentina
1606
-15
🇹🇼 Georgians · Taiwan
1584
-14
Emily001
8:35 Loom
10:21 Feudal Age
12:56 Horse Collar
13:45 Double-Bit Axe
17:15 Castle Age
16:24 Bloodlines
16:57 Scale Barding Armor
18:40 Bow Saw
20:22 Husbandry
21:01 Chain Barding Armor
23:13 Wheelbarrow
25:43 Town Watch
27:10 Forging
32:22 Gold Mining
32:38 Heavy Plow
33:18 Light Cavalry
36:46 Stone Mining
41:15 Imperial Age
39:02 Hand Cart
39:27 Iron Casting
41:47 Scale Mail Armor
41:26 Elite Battle Elephant
42:43 Plate Barding Armor
43:24 Tusk Swords
45:36 Chain Mail Armor
46:21 Blast Furnace
默默默默默
8:36 Feudal Age
9:06 Double-Bit Axe
9:44 Horse Collar
16:51 Loom
19:49 Castle Age
17:44 Gold Mining
18:43 Wheelbarrow
18:27 Scale Barding Armor
19:42 Bloodlines
21:03 Gold Shaft Mining
20:30 Heavy Plow
20:47 Bow Saw
23:25 Hand Cart
23:37 Chain Barding Armor
23:37 Husbandry
29:57 Forging
36:19 Iron Casting
42:19 Imperial Age
41:54 Cavalier
43:11 Plate Barding Armor
46:45 Blast Furnace
恆浪蕩
6:33 Loom
8:22 Loom
10:08 Feudal Age
16:26 Castle Age
15:28 Double-Bit Axe
15:36 Gold Mining
20:18 Bow Saw
23:07 Husbandry
24:44 Town Watch
25:39 Bloodlines
25:59 Horse Collar
27:41 Wheelbarrow
28:49 Scale Barding Armor
31:14 Hand Cart
34:47 Imperial Age
33:31 Pikeman
34:11 Squires
35:14 Chain Barding Armor
35:10 Forging
34:50 Fletching
35:07 Cavalier
36:00 Heavy Plow
36:43 Plate Barding Armor
36:57 Devotion
40:22 Light Cavalry
42:41 Iron Casting
48:38 Blast Furnace
amtiky
10:58 Feudal Age
15:38 Castle Age
13:58 Double-Bit Axe
14:41 Horse Collar
15:44 Fletching
16:37 Loom
17:30 Bow Saw
21:31 Bodkin Arrow
22:34 Padded Archer Armor
26:57 Heavy Plow
30:44 Wheelbarrow
32:43 Leather Archer Armor
33:59 Ballistics
33:56 Husbandry
34:25 Bloodlines
42:16 Imperial Age
40:11 Gold Mining
43:20 Bracer
44:22 Chemistry
43:54 Crop Rotation
Ganso_lm
9:43 Feudal Age
10:17 Feudal Age
14:14 Castle Age
12:59 Horse Collar
13:29 Double-Bit Axe
15:29 Loom
16:40 Bow Saw
17:11 Heavy Plow
20:15 Sanctity
28:45 Wheelbarrow
29:25 Fletching
30:59 Bodkin Arrow
31:14 Gold Mining
36:04 Imperial Age
34:26 Hand Cart
34:04 Crossbowman
34:56 Thumb Ring
36:46 Padded Archer Armor
37:08 Ballistics
37:04 Bracer
36:33 Arbalester
37:57 Halberdier
38:37 Squires
38:55 Leather Archer Armor
40:09 Scale Mail Armor
40:20 Forging
41:46 Chemistry
47:18 Conscription
Hommi
10:37 Feudal Age
12:42 Fishing Lines
18:02 Loom
21:21 Castle Age
22:41 Gillnets
26:16 Scale Barding Armor
26:21 Forging
26:16 Gold Mining
27:03 Wheelbarrow
27:00 Bloodlines
26:50 Husbandry
30:13 Horse Collar
31:17 Chain Barding Armor
36:18 Imperial Age
36:29 Iron Casting
36:27 Hand Cart
36:33 Heavy Hei Guang Cavalry
38:57 Caravan
40:28 Plate Barding Armor
41:44 Blast Furnace
41:06 Light Cavalry
41:53 Hussar
46:13 Heavy Plow
Jozzif
9:58 Feudal Age
10:36 Double-Bit Axe
13:27 Arson
15:10 Horse Collar
17:20 Forging
17:12 Loom
20:49 Castle Age
20:24 Scale Barding Armor
20:52 Gold Mining
21:49 Fletching
22:21 Chain Barding Armor
22:13 Bow Saw
22:55 Gold Shaft Mining
25:26 Wheelbarrow
29:39 Iron Casting
29:33 Bodkin Arrow
34:44 Imperial Age
36:22 Plate Barding Armor
36:42 Hand Cart
37:46 Blast Furnace
36:46 Bracer
37:37 Heavy Plow
38:28 Elite Konnik
40:13 Crop Rotation
39:34 Stone Mining
40:25 Conscription
40:49 Stirrups
41:44 Stone Shaft Mining
43:41 Pikeman
44:22 Squires
44:08 Gambesons
44:24 Scale Mail Armor
46:48 Chain Mail Armor
47:39 Plate Mail Armor
hl.exe
6:23 Loom
9:56 Feudal Age
10:45 Double-Bit Axe
21:09 Castle Age
20:55 Fishing Lines
21:18 Fletching
23:20 Wheelbarrow
23:57 Forging
24:00 Stone Mining
33:12 Iron Casting
32:52 Bloodlines
32:43 Husbandry
33:20 Murder Holes
37:43 Masonry
43:34 Gillnets
44:41 Guard Tower
45:02 Fortified Wall
44:36 Treadmill Crane
46:56 Scale Barding Armor
46:50 Town Watch
47:20 Hand Cart
Connection lost

Rejoining the realm…

Still unreachable

The connection could not be restored.

Session expired

The server has moved on; the page needs a fresh start.